 Dungeon Crawl Stone Soup version 0.29-a0-330-g52719c12eb (webtiles) character file.

Game seed: 827557017558227441

16 kae the Firebug (level 2, 0/20 HPs)
             Began as a Demigod Fire Elementalist on Apr 29, 2022.
             Slain by a hobgoblin (3 damage)
             ... on level 2 of the Dungeon.
             The game lasted 00:00:22 (543 turns).

kae the Firebug (Demigod Fire Elementalist)          Turns: 543, Time: 00:00:22

Health: 0/20       AC:  2    Str:  9    XL:     2   Next: 24%
Magic:  1/7        EV: 12    Int: 17    God:
Gold:   37         SH:  0    Dex: 14    Spells: 4/5 levels left

rFire   . . .      SeeInvis .   (no weapon)
rCold   . . .      Faith    .   (no shield)
rNeg    . . .      Spirit   .   a - +0 robe
rPois   .          Reflect  .   (helmet restricted)
rElec   .          Harm     .   (no cloak)
rCorr   .          Rampage  .   g - +0 pair of gloves
Will    .....                   (no boots)
Stlth   ++........              (no amulet)
HPRegen 0.06/turn               (no ring)
MPRegen 0.10/turn               (no ring)

@: no status effects
A: high MP 1, forlorn, divine attributes, hooves 1, horns 1, deformed body
a: no special abilities


You were on level 2 of the Dungeon.
You visited 1 branch of the dungeon, and saw 2 of its levels.

You collected 37 gold pieces.

Inventory:

Missiles
 c - a throwing net
Armour
 a - a +0 robe (worn)
 g - a +0 pair of gloves (worn)
Scrolls
 e - a scroll of magic mapping {unknown}
 h - a scroll of summoning {unknown}
Potions
 b - a potion of magic


   Skills:
 - Level 1.7 Dodging
 - Level 1.7 Stealth
 + Level 2.1 Spellcasting
 + Level 1.3 Conjurations
 + Level 3.0 Fire Magic


You had 4 spell levels left.
You knew the following spells:

 Your Spells              Type           Power      Damage    Failure   Level
a - Foxfire               Conj/Fire      36%        2x1d5     8%          1

Your spell library contained the following spells:

 Spells                   Type           Power      Damage    Failure   Level
 Scorch                   Fire           24%        2d6       9%          2
 Conjure Flame            Conj/Fire      9%         6-21      24%         3
 Inner Flame              Hex/Fire       6%         N/A       30%         3
 Flame Wave               Conj/Fire      9%         2d5       61%         4


Dungeon Overview and Level Annotations

Branches:
Dungeon (1/15)


Innate Abilities, Weirdness & Mutations

You have an increased reservoir of magic. (+10% MP)
You shall have no god before yourself.
Your divine heritage dramatically boosts your attributes as you level up.
You have large cloven feet.
You have a pair of small horns on your head.
Armour fits poorly on your strangely shaped body.


Message History

The hobgoblin is heavily wounded.
The foxfire hits the hobgoblin.
The hobgoblin is almost dead.
The hobgoblin closely misses you.
Casting: Foxfire (safe; 9% risk of failure)
Confirm with . or Enter, or press ? or * to list all spells.
You conjure some foxfire!
The hobgoblin barely misses you. The hobgoblin hits you.
The foxfire hits the hobgoblin.
The hobgoblin is moderately wounded.
The foxfire hits the hobgoblin.
You kill the hobgoblin!
The hobgoblin hits you.
* * * LOW HITPOINT WARNING * * *
Casting: Foxfire (safe; 8% risk of failure)
Confirm with . or Enter, or press ? or * to list all spells.
You conjure some foxfire!
The hobgoblin hits you but does no damage.
The endoplasm hits you.
* * * LOW HITPOINT WARNING * * *
The foxfire hits the endoplasm.
You kill the endoplasm!
The foxfire hits the hobgoblin but does no damage.
The hobgoblin is almost dead.
The hobgoblin closely misses you.
Your Fire Magic skill increases to level 3!
Casting: Foxfire (safe; 8% risk of failure)
Confirm with . or Enter, or press ? or * to list all spells.
You conjure some foxfire!
The hobgoblin hits you.
* * * LOW HITPOINT WARNING * * *
The hobgoblin misses you.
The foxfire hits the hobgoblin.
The hobgoblin is severely wounded.
The foxfire hits the hobgoblin.
You kill the hobgoblin!
The hobgoblin closely misses you.
Casting: Foxfire (safe; 8% risk of failure)
Confirm with . or Enter, or press ? or * to list all spells.
You conjure some foxfire!
The hobgoblin hits you.
You die...

.. #.# #$# ########
#.# #.......
#######.####.......
#.........##.......
##.†g......##...._..
##.vgg......##.......
#..v@####.### #....g
##.§## #.########.#.


#PPP #g..gg.gg.... #..P #.##Jg...##.. ##.# #.#...##.# .. .# #.#.|....# #. ##
#.#......# . #........+ > ###$.....# # You could see 2 hobgoblins and a goblin.

Vanquished Creatures
  2 ball pythons (D:1)
  A bat (D:2)
  3 endoplasms
  A giant cockroach (D:1)
  A goblin (D:2)
  3 hobgoblins
  2 rats (D:1)
13 creatures vanquished.

Vanquished Creatures (others)
  42 foxfires
42 creatures vanquished.

Grand Total: 55 creatures vanquished

Notes
Turn   | Place    | Note
-------+----------+-------------------------------------------
     0 | D:1      | kae the Demigod Fire Elementalist began the quest for the
                  | Orb.
     0 | D:1      | Reached XP level 1. HP: 14/14 MP: 5/5
    65 | D:1      | Reached skill level 1 in Conjurations
   511 | D:1      | You fall into a shaft and drop 1 floor!
   520 | D:2      | Gained mutation: Armour fits poorly on your strangely
                  | shaped body. [potion of mutation]
   520 | D:2      | Gained mutation: You have large cloven feet. [potion of
                  | mutation]
   520 | D:2      | Gained mutation: You have a pair of small horns on your
                  | head. [potion of mutation]
   535 | D:2      | Reached XP level 2. HP: 11/20 MP: 5/7
   541 | D:2      | Reached skill level 3 in Fire Magic
   543 | D:2      | Slain by a hobgoblin

Illustrated notes

Levels and vault maps discovered:
D:1:      eino_arrival_cavern_d, layout_basic, serial_shops,
          nicolae_shop_bloodbath_and_beyond, item_on_display_a
D:2:      layout_basic, basic_altar, ebering_ecumenical_altar_hall,
          grunt_ministairs_14, uniq_crazy_yiuf_cottage, uniq_robin

Skill      XL: |  1  2 |
---------------+-------+-----
Conjurations   | 1 |  1.3
Spellcasting   | 2 |  2.1
Fire Magic     | 3 |  3.0
Dodging        | |  1.7
Stealth        | |  1.7

Action                   || total
-------------------------++-------
 Cast: Foxfire           ||    24
  Use: Potion            ||     2
Armor: Robe              ||    10
Dodge: Dodged            ||    29

Table legend: (Time is in decaauts)
 A = Elapsed time spent in this place.
 B = Non-inter-level travel time spent in this place.
 C = Inter-level travel time spent in this place.
 D = Time resting spent in this place.
 E = Time spent auto-exploring this place.
 F = Levels seen in this place.
 G = Mean time per level.
                   A        B        C        D        E       F      G
               +--------+--------+--------+--------+--------+-----+--------+
         Total |    542 |    528 |     14 |      0 |    436 |   2 |  271.0 |
       Dungeon |    542 |    528 |     14 |      0 |    436 |   2 |  271.0 |
               +--------+--------+--------+--------+--------+-----+--------+

Top non-repeatable levels by time:
     D:1: 511 daAuts
     D:2: 31 daAuts
